Cogmind - Beta 14 @@@ ROGUE MODE // 2025.03.05 @ 18:36:31 Player: opdo Result: Destroyed by G-47 Trooper with Particle Gun Performance ------------- Evolutions (2) 1000 Regions Visited (7) 1400 Robots Destroyed (99) 495 Value Destroyed (3513) 3513 Prototype IDs (2) 40 Alien Tech Used (0) 0 Bonus (675) 675 TOTAL SCORE: 7123 Bonus ------- High Alert Combat Kills 475 Entered Garrisons 200 Cogmind --------- Core Integrity 0/550 Matter 272/300 Energy 148/160 System Corruption 4% Temperature Cool (16) Movement Walking (122) Location -8/Materials Parts ------- > --- POWER (1) -------- Light Nuclear Core > --- PROPULSION (4) --- Carbon-fiber Leg Titanium Leg Flexi-carbon Leg Flexi-carbon Leg > --- UTILITY (4) ------ Medium Storage Unit Improved Terrain Scan Processor Target Analyzer Target Analyzer > --- WEAPON (2) ------- Enhanced Autogun Flak Gun > --- INVENTORY (10) --- Improved Ion Engine Light Nuclear Core Aluminum Leg Carbon-fiber Leg Hacking Suite Hacking Suite Flak Gun Improved Grenade Launcher Heavy Flail Peak State ------------ > --- POWER ------------ Improved Deuterium Engine > --- PROPULSION ------- Carbon-fiber Leg Flexi-carbon Leg Flexi-carbon Leg Flexi-carbon Leg > --- UTILITY ---------- Medium Storage Unit Improved Terrain Scan Processor Target Analyzer Target Analyzer > --- WEAPON ----------- Gauss Rifle Flak Gun > --- INVENTORY -------- Improved Ion Engine Light Nuclear Core Aluminum Leg Carbon-fiber Leg Flexi-carbon Leg Hacking Suite Hacking Suite Flak Gun Improved Grenade Launcher Heavy Flail [Rating: 43] Favorites ----------- Power Light Nuclear Core Engine Ion Engine Power Core Light Nuclear Core Propulsion Light Treads Treads Light Treads Leg Flexi-carbon Leg Utility Medium Storage Unit Device Sensor Array Storage Medium Storage Unit Processor Terrain Scan Processor Protection Core Shielding Weapon Light Assault Rifle Energy Gun Small Laser Ballistic Gun Light Assault Rifle Launcher Improved Grenade Launcher Impact Weapon Heavy Flail Special Melee Weapon Improved Datajack Build | -11 -10 -10 -9 -9 -8 -8 -8 ------- Run | Yrd Mat Min Mat Min Mat Gar Mat Slots Evolved 4 | . . . 2 . 2 . . Power . | . . . . . . . . Propulsion 2 | . . . 1 . 1 . . Utility 2 | . . . 1 . 1 . . Weapon . | . . . . . . . . Parts Attached 109 | 6 1 5 29 1 34 23 10 Power 15 | 1 . 1 4 . 5 2 2 Engine 8 | 1 . 1 4 . 1 1 . Core 7 | . . . . . 4 1 2 Reactor . | . . . . . . . . Propulsion 40 | 2 . 2 11 . 10 11 4 Treads 8 | . . 2 6 . . . . Leg 32 | 2 . . 5 . 10 11 4 Wheel . | . . . . . . . . Hover . | . . . . . . . . Flight . | . . . . . . . . Utility 19 | 1 1 1 6 . 7 2 1 Device 6 | . 1 . 3 . 2 . . Storage 2 | 1 . . 1 . . . . Processor 5 | . . . 1 . 2 1 1 Hackware . | . . . . . . . . Protection 6 | . . 1 1 . 3 1 . Artifact . | . . . . . . . . Weapon 35 | 2 . 1 8 1 12 8 3 Energy Gun 3 | 2 . . 1 . . . . Energy Cannon . | . . . . . . . . Ballistic Gun 23 | . . 1 6 1 8 5 2 Ballistic Cannon . | . . . . . . . . Launcher 4 | . . . 1 . 2 . 1 Special Weapon . | . . . . . . . . Impact Weapon 4 | . . . . . 1 3 . Slashing Weapon . | . . . . . . . . Piercing Weapon . | . . . . . . . . Special Melee Weapon 1 | . . . . . 1 . . Unidentified Prototypes 2 | . . . 1 . . . 1 Corrupted Parts 1 | . . . . . 1 . . System Corruption 4 | . . . . . 4 . . Parts Lost 26 | . . 2 4 . 13 5 2 Power 5 | . . 1 1 . 2 1 . Propulsion 12 | . . 1 2 . 5 2 2 Utility 5 | . . . 1 . 3 1 . Weapon 4 | . . . . . 3 1 . Highest Loss Streak 5 | . . 2 2 . 5 3 1 To Critical Strikes . | . . . . . . . . Average Slot Usage (%) 96 | . 94 99 96 100 95 96 97 Engine 6 | . 14 13 11 11 3 2 3 Core 3 | . . . . . 5 6 4 Treads 8 | . . 20 27 . . . . Leg 22 | . 28 7 3 33 33 33 34 Device 5 | . 8 3 9 11 7 . . Storage 10 | . 14 14 11 11 9 9 9 Processor 9 | . . . . . 10 18 27 Protection 8 | . . 10 11 11 9 8 . Energy Gun 4 | . 28 18 2 . . . . Ballistic Gun 15 | . . 9 18 22 16 15 17 Peak Build Rating 43 | 6 7 7 14 14 32 41 43 Average Rating 21 | 5 6 6 10 14 27 34 39 On Entrance 14 | . 6 7 7 14 14 29 41 Naked Turns . | . . . . . . . . Heaviest Build 31 | 11 12 14 28 23 26 31 30 Greatest Support 75 | 20 20 40 60 39 66 75 75 Greatest Overweight (x) 2 | . . . 2 . . 1 . Average Overweight (x) . | . . . . . . . . Largest Inventory Capacity 10 | 8 8 8 10 10 10 10 10 Average Capacity 9 | 7 8 8 9 10 10 10 10 Most Carried 10 | 4 8 8 10 10 10 10 10 Average Carried 8 | 2 5 7 9 10 9 9 9 Final Capacity 10 | 8 8 8 10 10 10 10 10 Final Carried 10 | 4 8 8 10 10 10 9 9 Class Distribution -------------------- 51% | Mutant 48% | Scavenger-Mutant Dominant Class ---------------- Mutant | -10/Materials Mutant | -10/Mines Mutant | -9/Materials Scavenger-Mutant | -9/Mines Mutant | -8/Materials Scavenger-Mutant | -8/Garrison Scavenger-Mutant | -8/Materials Resources | -11 -10 -10 -9 -9 -8 -8 -8 ----------- Run | Yrd Mat Min Mat Min Mat Gar Mat Matter Collected 2538 | 260 . 53 286 152 825 589 373 Remotely . | . . . . . . . . Salvage Created 3363 | 136 . 153 753 44 1286 533 458 Parts 209 | 5 . 11 70 5 70 20 28 Haulers Intercepted 4 | . . . 2 . 1 . 1 Recyclers Shooed 4 | 1 . 2 1 . . . . Parts Field Recycled 7 | . . . 7 . . . . Retrieved Matter 22 | . . . 22 . . . . Parts Self-Destructed . | . . . . . . . . Prevented . | . . . . . . . . Kills | -11 -10 -10 -9 -9 -8 -8 -8 ------- Run | Yrd Mat Min Mat Min Mat Gar Mat Combat Hostiles Destroyed 84 | . . 5 21 3 30 14 11 Melee 1 | . . . . . 1 . . Guns 72 | . . 5 19 3 22 14 9 AOE 7 | . . . 2 . 3 . 2 Classes Destroyed 13 | 2 . 2 4 . 5 . . Builder 3 | . . . 1 . 2 . . Tunneler 4 | 3 . . . . . . 1 Hauler 4 | . . . 2 . 1 . 1 Recycler 1 | 1 . . . . . . . Operator 2 | . . . 1 . 1 . . Watcher 1 | . . . . . 1 . . Swarmer 19 | . . 2 10 3 3 1 . Grunt 40 | . . 3 6 . 12 10 9 Brawler 1 | . . . . . 1 . . Duelist 1 | . . . . . 1 . . Sentry 20 | . . . 5 . 10 3 2 Hunter 2 | . . . . . 2 . . Heavy 1 | . . . . . 1 . . Best Kill Streak 7 | 3 . 2 4 3 7 6 4 Combat Bots Only 6 | . . 2 4 3 6 6 3 Max Kills in Single Turn 2 | 1 . 1 2 1 2 1 2 Gunslinging 1 | . . . . . 1 . . Exploded 2 | . . . 2 . 1 . 1 Melee 1 | . . . . . 1 . . Uniques/NPCs Destroyed . | . . . . . . . . Combat | -11 -10 -10 -9 -9 -8 -8 -8 -------- Run | Yrd Mat Min Mat Min Mat Gar Mat Hostile Shots Fired 540 | . . 69 121 12 188 85 65 Missed 163 | . . 19 32 3 54 26 29 Damage Taken 5457 | . . 562 1057 68 2318 918 534 Core 827 | . . 130 138 7 311 146 95 Absorbed by Shields . | . . . . . . . . Redirected to Shielding 117 | . . 11 30 . 76 . . Core Remaining (%) 70 | 100 . 48 . 63 . . . Volleys Fired 251 | 10 2 21 70 5 74 38 31 Largest 2 | 2 2 2 2 2 2 2 2 Hottest 90 | 90 90 90 60 43 59 56 64 Shots Fired 499 | 20 4 42 140 10 147 74 62 Gun 488 | 20 4 42 137 10 142 74 59 Cannon . | . . . . . . . . Launcher 11 | . . . 3 . 5 . 3 Special . | . . . . . . . . Kinetic 426 | . . 8 133 10 142 74 59 Thermal 62 | 20 4 34 4 . . . . Explosive 11 | . . . 3 . 5 . 3 Electromagnetic . | . . . . . . . . Robot Hit Streak 17 | 6 7 7 17 10 13 9 9 Robot Miss Streak 8 | 2 2 3 3 1 5 8 6 Penetration Max 1 | . . . . . . 1 . Secondary Targets 14 | . . 1 2 2 2 4 3 Max Gunslinging Chain 1 | . . 1 1 1 1 1 1 Shots Hit Robots 390 | 14 2 30 102 5 126 65 46 Core Hits 280 | 5 . 11 52 3 96 66 47 Critical Kills 2 | . . . 2 . . . . Critical Parts Destroyed 5 | . . . 1 . 3 . 1 Critical Strikes 9 | 1 . . 3 . 3 . 2 Burn 1 | 1 . . . . . . . Destroy 6 | . . . 3 . 1 . 2 Smash 2 | . . . . . 2 . . Melee Attacks 36 | . . . . . 28 8 . Impact 36 | . . . . . 28 8 . Slashing . | . . . . . . . . Piercing . | . . . . . . . . Sneak Attacks 1 | . . . . . 1 . . Combat Hostiles . | . . . . . . . . Follow-up Attacks . | . . . . . . . . Damage Inflicted 7061 | 175 46 373 1166 59 2838 1272 1132 Guns 5162 | 175 46 343 842 56 1691 1272 737 Cannons . | . . . . . . . . Explosions 1291 | . . . 323 . 574 . 394 Melee 551 | . . . . . 551 . . Ramming 57 | . . 30 1 3 22 . 1 Kinetic 4609 | . . 57 796 56 1691 1272 737 Thermal 553 | 175 46 286 46 . . . . Explosive 1291 | . . . 323 . 574 . 394 Electromagnetic . | . . . . . . . . Impact 551 | . . . . . 551 . . Slashing . | . . . . . . . . Piercing . | . . . . . . . . Highest Corruption 4 | . . . . . 4 4 4 Average Corruption 4 | . . . . . 4 4 4 Corruption Purged . | . . . . . . . . Corruption Blocked . | . . . . . . . . Effects 42 | . . . . . 5 27 10 Message Errors 9 | . . . . . 1 7 1 Matter Fused 6 | . . . . . 2 3 1 Heat Flow Errors 7 | . . . . . . 3 4 Energy Discharges 5 | . . . . . 1 4 . Parts Rejected 1 | . . . . . . . 1 Data Loss (minor) 10 | . . . . . 1 7 2 Data Loss (major) 4 | . . . . . . 3 1 Overload Shots . | . . . . . . . . Overflow Damage 248 | . . . 26 . 200 . 22 Projectiles . | . . . . . . . . Explosions 55 | . . . 26 . 7 . 22 Melee 193 | . . . . . 193 . . Knockbacks . | . . . . . . . . Impact . | . . . . . . . . Kinetic . | . . . . . . . . Secondary . | . . . . . . . . Self-Inflicted Damage . | . . . . . . . . Shots . | . . . . . . . . Rammed 5 | . . 4 1 . . . . Targets Rammed 11 | . . 6 1 1 2 . 1 Kicked 6 | . . 2 . 1 2 . 1 Crushed . | . . . . . . . . Highest Temperature 236 | 180 60 168 70 2 33 236 165 Average Temperature 41 | 80 30 74 17 1 7 50 42 Received Heat Transfer 2121 | . . 210 309 . 747 531 324 Siege Activations . | . . . . . . . . Robots Corrupted 5 | . . . . . 5 . . Combat Hostiles 4 | . . . . . 4 . . Parts Fried 6 | . . . . . 6 . . Impact Corruptions 9 | . . . . . 9 . . Robots Melted . | . . . . . . . . Combat Hostiles . | . . . . . . . . Parts Melted 4 | 3 . 1 . . . . . Heat Transferred 1441 | 545 124 672 100 . . . . Parts Sabotaged . | . . . . . . . . Parts Stolen . | . . . . . . . . Parts Stripped . | . . . . . . . . Power Chain Reactions . | . . . . . . . . Alert | -11 -10 -10 -9 -9 -8 -8 -8 ------- Run | Yrd Mat Min Mat Min Mat Gar Mat Peak Influence 829 | 20 52 74 433 227 478 829 798 Initial 403 | . 13 19 19 142 88 330 403 Average 275 | 7 31 47 139 224 191 624 578 Maximum Alert Level 3 | . . . 2 1 2 3 3 Low Security (%) 49 | 100 100 100 71 3 57 . . Level 1 23 | . . . 26 96 37 15 . Level 2 17 | . . . 2 . 4 46 76 Level 3 9 | . . . . . . 38 23 Level 4 . | . . . . . . . . Level 5 . | . . . . . . . . High Security . | . . . . . . . . Max Security . | . . . . . . . . Squads Dispatched 12 | . 1 . 2 . 5 . 4 Investigation 5 | . 1 . 1 . 1 . 2 Extermination . | . . . . . . . . Reinforcement 5 | . . . 1 . 2 . 2 Assault . | . . . . . . . . Garrison 2 | . . . . . 2 . . Intercept . | . . . . . . . . Searches Triggered . | . . . . . . . . Construction Impeded 2 | . . . . . 1 . 1 Haulers Reinforced . | . . . . . . . . Active Scanning Responses . | . . . . . . . . Cargo Convoy Interrupts . | . . . . . . . . Stealth | -11 -10 -10 -9 -9 -8 -8 -8 --------- Run | Yrd Mat Min Mat Min Mat Gar Mat Distress Signals 7 | . . . 4 . 1 . 2 Communications Jammed . | . . . . . . . . Distress Signals . | . . . . . . . . Times Spotted 130 | . 1 8 38 2 42 16 23 Peak Tracking Total 8 | . 1 5 8 2 7 6 6 Tactical Retreats 11 | . . 1 3 . 4 1 2 Traps | -11 -10 -10 -9 -9 -8 -8 -8 ------- Run | Yrd Mat Min Mat Min Mat Gar Mat Traps Triggered 5 | . 1 . 1 . . 3 . Indirectly . | . . . . . . . . Trap Hack Attempts . | . . . . . . . . Triggered . | . . . . . . . . Disarmed . | . . . . . . . . Reprogrammed . | . . . . . . . . Reused . | . . . . . . . . Traps Extracted . | . . . . . . . . Installed . | . . . . . . . . Triggered . | . . . . . . . . Machines | -11 -10 -10 -9 -9 -8 -8 -8 ---------- Run | Yrd Mat Min Mat Min Mat Gar Mat Machines Disabled 7 | . . . . . 1 5 1 Max in Single Turn 1 | . . . . . 1 1 1 Garrison Relay 1 | . . . . . . 1 . Machines Repaired . | . . . . . . . . Machines Dismantled . | . . . . . . . . Machines Sabotaged . | . . . . . . . . Overloaded Fab Kills . | . . . . . . . . Hacking | -11 -10 -10 -9 -9 -8 -8 -8 --------- Run | Yrd Mat Min Mat Min Mat Gar Mat Machines Accessed 25 | . 3 1 6 . 9 3 3 Terminals 22 | . 3 1 5 . 7 3 3 Fabricators . | . . . . . . . . Repair Stations . | . . . . . . . . Recycling Units . | . . . . . . . . Scanalyzers 2 | . . . 1 . 1 . . Garrison Access 1 | . . . . . 1 . . Total Hacks 65 | . 6 3 12 . 28 8 8 Successful 30 | . 4 1 8 . 14 2 1 Failed 35 | . 2 2 4 . 14 6 7 Catastrophic 9 | . 1 . 2 . 1 3 2 Database Lockouts . | . . . . . . . . Manual 38 | . 6 . 6 . 18 . 8 Terminals 59 | . 6 3 10 . 24 8 8 Fabricators . | . . . . . . . . Repair Stations . | . . . . . . . . Recycling Units . | . . . . . . . . Scanalyzers 5 | . . . 2 . 3 . . Garrison Access 1 | . . . . . 1 . . Terminal Hacks 14 | . 3 1 3 . 5 2 . Robot Analysis 2 | . 1 . 1 . . . . Branch Access Points 1 | . 1 . . . . . . Emergency Access Points 1 | . . . . . . 1 . Terminal Index 3 | . 1 . 1 . 1 . . Alert Level 2 | . . . . . 2 . . Unreport Threat 1 | . . . . . 1 . . Locate Traps 1 | . . . . . 1 . . Security Status 1 | . . . 1 . . . . Zone Layout 1 | . . 1 . . . . . Patrol Navigation 1 | . . . . . . 1 . Fabricator Hacks . | . . . . . . . . Repair Station Hacks . | . . . . . . . . Recycling Unit Hacks . | . . . . . . . . Scanalyzer 4 | . . . 2 . 2 . . Insert Component 2 | . . . 1 . 1 . . Analyze 2 | . . . 1 . 1 . . Garrison Access Hacks 1 | . . . . . 1 . . Unlock Access 1 | . . . . . 1 . . Unauthorized Hacks 11 | . 1 . 3 . 6 . 1 Terminals 11 | . 1 . 3 . 6 . 1 Assimilate 1 | . . . . . 1 . . Botnet 9 | . 1 . 3 . 4 . 1 Operators 1 | . . . . . 1 . . Fabricators . | . . . . . . . . Repair Stations . | . . . . . . . . Recycling Units . | . . . . . . . . Scanalyzers . | . . . . . . . . Garrison Access . | . . . . . . . . Data Cores Recovered 1 | . . . . . 1 . . Used . | . . . . . . . . Hacking Detections 22 | . 2 1 5 . 9 2 3 Full Trace Events 6 | . 1 . . . 1 2 2 Feedback Events . | . . . . . . . . Feedback Blocked . | . . . . . . . . Robot Schematics Acquired . | . . . . . . . . Robots Built . | . . . . . . . . Authchips . | . . . . . . . . Time . | . . . . . . . . Total Robot Build Rating . | . . . . . . . . Part Schematics Acquired 2 | . . . 1 . 1 . . Parts Built . | . . . . . . . . Authchips . | . . . . . . . . Time . | . . . . . . . . Total Part Build Rating . | . . . . . . . . Parts Repaired . | . . . . . . . . Time . | . . . . . . . . Parts Recycled . | . . . . . . . . Recycled Matter . | . . . . . . . . Retrieved Matter . | . . . . . . . . Retrieved Components . | . . . . . . . . Parts Scanalyzed 2 | . . . 1 . 1 . . Part Schematics Acquired 2 | . . . 1 . 1 . . Parts Damaged . | . . . . . . . . Bothacking | -11 -10 -10 -9 -9 -8 -8 -8 ------------ Run | Yrd Mat Min Mat Min Mat Gar Mat Used RIF Installer . | . . . . . . . . Robots Hacked . | . . . . . . . . Non-combat . | . . . . . . . . Combat . | . . . . . . . . Robot Hacks Applied . | . . . . . . . . Relay Couplers Released 5 | . . . . . . 5 . Machine Destruction 5 | . . . . . . 5 . Fabnet Peak Effective % . | . . . . . . . . Robots Rewired . | . . . . . . . . Allies Hacked . | . . . . . . . . Hacks Repelled . | . . . . . . . . Allies | -11 -10 -10 -9 -9 -8 -8 -8 -------- Run | Yrd Mat Min Mat Min Mat Gar Mat Total Allies . | . . . . . . . . Largest Group . | . . . . . . . . Highest-Rated Group . | . . . . . . . . Highest-Rated Ally . | . . . . . . . . Total Orders . | . . . . . . . . Ally Attacks . | . . . . . . . . Total Damage . | . . . . . . . . Kills . | . . . . . . . . Allies Corrupted . | . . . . . . . . Allies Melted . | . . . . . . . . Intel | -11 -10 -10 -9 -9 -8 -8 -8 ------- Run | Yrd Mat Min Mat Min Mat Gar Mat Robot Analysis Total 2 | . 1 . 1 . . . . Derelict Logs Recovered 2 | . . 1 . 1 . . . Drone Launches . | . . . . . . . . Drone Recoveries . | . . . . . . . . Exploration | -11 -10 -10 -9 -9 -8 -8 -8 ------------- Run | Yrd Mat Min Mat Min Mat Gar Mat Turns Passed 5479 | 111 246 615 1303 250 1358 1134 462 Spaces Moved 3187 | 60 196 333 622 195 776 715 290 Core 4 | 4 . . . . . . . Treads 784 | . . 251 533 . . . . Legs 2399 | 56 196 82 89 195 776 715 290 Wheels . | . . . . . . . . Hover . | . . . . . . . . Flight . | . . . . . . . . Fastest Speed 50 | 50 120 120 120 120 110 110 120 Average Speed 132 | 115 120 150 159 120 122 125 120 Slowest Speed 260 | 120 120 160 260 120 127 190 122 Overloaded Moves . | . . . . . . . . Propulsion Burnouts . | . . . . . . . . Robots Hopped . | . . . . . . . . Cave-ins Triggered . | . . . . . . . . Exploration Rate (%) 47 | 4 54 68 53 33 69 61 35 Regions Visited 7 Branch Regions 2 Pre-discovered Areas 1 | . . . . 1 . . . Known Exits Taken 3 | . 1 . . 1 1 . . Unknown Exits Taken 3 | 1 . 1 1 . . . . Scrap Searched 2 | . . 1 . 1 . . . Spaces Dug . | . . . . . . . . Terrain Destroyed 96 | . . . 23 . 41 . 32 Melee . | . . . . . . . . Projectile . | . . . . . . . . AOE 96 | . . . 23 . 41 . 32 Terrain Rammed . | . . . . . . . . Walls Destroyed . | . . . . . . . . Machines Disabled . | . . . . . . . . Actions | -11 -10 -10 -9 -9 -8 -8 -8 --------- Run | Yrd Mat Min Mat Min Mat Gar Mat Total 3941 | 79 202 406 828 202 1005 870 349 Wait 213 | . . 31 58 . 49 59 16 Move 3181 | 59 195 332 621 194 776 714 290 Hop . | . . . . . . . . Pick Up 60 | 4 4 6 21 . 20 5 . Fast Attach 26 | 6 1 1 9 . 5 3 1 Attach 25 | . . 2 5 . 11 4 3 Detach 1 | . . . . . 1 . . Swap 58 | . . 2 15 1 18 16 6 Drop 70 | . . 5 28 1 22 13 1 Fire 251 | 10 2 21 70 5 74 38 31 Melee 36 | . . . . . 28 8 . Ram . | . . . . . . . . Kick 5 | . . 2 . 1 1 . 1 Crush 5 | . . 4 1 . . . . Escape Stasis 10 | . . . . . . 10 . Rewire . | . . . . . . . . Trap . | . . . . . . . . Miscellaneous . | . . . . . . . . Route ------- -11/Scrapyard -10/Materials (discovered 2 exits: *Mat / *Min) -10/Mines (discovered 2 exits: *Mat x2) -9/Materials (discovered 3 exits: *Mat x2 / [*Min]) -9/Mines -8/Materials (discovered 3 exits: [*Fac x2] / Gar) -8/Garrison (discovered 3 exits: [*Fac x2] / *Mat) -8/Materials (discovered 1 exit: [*Fac]) History --------- Turn | Location | Event 16 | -11/Scrapyard | Discovered new exit (range 16) 112 | -11/Scrapyard | Entered Materials 249 | -10/Materials | Discovered new exit (range 11) 318 | -10/Materials | Build established: Mutant 328 | -10/Materials | Identified exit to Mines 358 | -10/Materials | Entered Mines 408 | -10/Mines | Discovered new exit (range 11) 430 | -10/Mines | Learned location of 1 exit from Materials 817 | -10/Mines | Core integrity fell below 50% 877 | -10/Mines | Discovered new exit (range 12) 973 | -10/Mines | Entered Materials 973 | -9/Materials | Evolved 2 slots: Propulsion x1, Utility x1 974 | -9/Materials | Identified exit to Materials 1839 | -9/Materials | Discovered exit to Materials (range 4) 2036 | -9/Materials | Build established: Scavenger-Mutant 2156 | -9/Materials | Discovered new exit (range 15) 2276 | -9/Materials | Entered Mines 2500 | -9/Mines | Discovered exit to Materials (range 6) 2526 | -9/Mines | Entered Materials 2526 | -8/Materials | Evolved 2 slots: Propulsion x1, Utility x1 2735 | -8/Materials | Discovered new exit (range 5) 3143 | -8/Materials | Discovered new exit (range 3) 3293 | -8/Materials | Build established: Mutant 3463 | -8/Materials | Lost 5 parts (1p2n1u1w) 3622 | -8/Materials | Lost 5 parts (1p1n2u1w) 3783 | -8/Materials | Garrison activated, responded to threat 3819 | -8/Materials | Core integrity fell below 50% 3872 | -8/Materials | Identified exit to Garrison 3884 | -8/Materials | Entered Garrison 3884 | -8/Garrison | Warlord forces raided the area 3902 | -8/Garrison | Triggered checkpoint 3909 | -8/Garrison | Triggered checkpoint 3920 | -8/Garrison | Triggered checkpoint 3983 | -8/Garrison | Garrison Relay disabled 4224 | -8/Garrison | Triggered checkpoint 4282 | -8/Garrison | Triggered checkpoint 4370 | -8/Garrison | Discovered new exit (range 10) 4429 | -8/Garrison | Build established: Scavenger-Mutant 4484 | -8/Garrison | Discovered new exit (range 15) 4526 | -8/Garrison | Warlord forces retreated 4552 | -8/Garrison | Triggered checkpoint 4788 | -8/Garrison | Triggered checkpoint 4872 | -8/Garrison | Triggered checkpoint 4889 | -8/Garrison | Core integrity fell below 20% 4937 | -8/Garrison | Lost 3 parts (1n1u1w) 4944 | -8/Garrison | Discovered new exit (range 5) 5018 | -8/Garrison | Entered Materials 5475 | -8/Materials | Discovered new exit (range 16) 5480 | -8/Materials | Destroyed by G-47 Trooper with Particle Gun Last Messages --------------- 05327_ Acquired 138 matter. 05342_ Flexi-carbon Leg destroyed. 05342_ Critical hit (Burn: +37). 05350_ G-47 Trooper destroyed. 05355_ K-01 Serf collects debris. 05369_ Connecting with Terminal... 05378_ System corrupted: Heat flow error (+125). 05381_ G-47 Trooper destroyed. 05381_ Switching to secondary target: G-47 Trooper. 05383_ G-47 Trooper destroyed. 05390_ Acquired 36 matter. 05392_ Acquired 40 matter. 05412_ Kicked K-01 Serf. 05446_ System corrupted: Heat flow error (+172). 05451_ Connecting with Terminal... 05451_ ALERT: Suspicious activity at Terminal M001. Dispatching Investigation squad. 05475_ EXIT=FOUND 05476_ Critical hit (Burn: +37). Map ----- +----------------------------------------------------+ | ?????????????????# !!! + #???????????? | | ???????????##+#??# !!! # #???????????? | | ???????????# ######### ##?????????????????###### | | ???????????# #??????????????????????? | | ???????????# ! #??????????????????????? | | ???????????+ T #??????????????????????? | | ???????????# #??????????????????????? | | ???????????# #??????????????????????? | | ???????????# """" #??????????????????????? | | ??????????# """" #??????????????????????? | | ??????????# """" !! #??????????????????????? | | ??????????# !! #??????????????????????? | | ??????????# #??????????????????????? | | ??????????# #???#####??????????????? | | ??????????############# #?? ??????????????? | | ??????????#####???????#u #?? """???????????????? | | ??????????# ####### #? """ #?????????????? | | ????? # #?!! """ #?????????????? | | ??????"" / # !! #?????????????? | | ??????????# s # " #?????????????? | | ??????????# !####### + * T #?????????????? | | ??????????####????????# # " #?????????????? | | ??????????????????????# # #?????????????? | | ??????????????????????#gg #?########?????????????? | | ??????????????????????# #??????????????????????? | | ??????????????????????# @#??????????????????????? | | ??????????????????????# #??????????????????????? | | ??????????????????????#u +??????????????????????? | | ??????????????????????# #??????????????????????? | | ?????????????????????? #??????????????????????? | | ????????????????????? #??????????????????????? | | ????????????????????### #??????????????????????? | | ??????????????????????# #??????????????????????? | | ??????????????????????# #??????????????????????? | | ??????????????????????# +??????????????????????? | | ??????????????????????# #??????????????????????? | | ??????????????????????# < #??????????????????????? | | ??????????????????????# #??????????????????????? | | ??????????????????????####???????????????????????? | | ?????????????????????????????????????????????????? | | ?????????????????????????????????????????????????? | | ?????????????????????????????????????????????????? | | ?????????????????????????????????????????????????? | | ?????????????????????????????????????????????????? | | ?????????????????????????????????????????????????? | | ?????????????????????????????????????????????????? | | ?????????????????????????????????????????????????? | | ?????????????????????????????????????????????????? | | ?????????????????????????????????????????????????? | | ?????????????????????????????????????????????????? | +----------------------------------------------------+ Best States ------------- Heat Dissipation 31 Energy Generation 16 Energy Capacity 290 Matter Stores 300 Matter Capacity 300 Sight Range 16 Robot Scan Range 14 Terrain Scan Range 16 Terrain Scan Density 110 Armor Coverage 150 Core Shielding 20 Utility Shielding 66 Evasion (%) 55 Targeting Accuracy 5 Target Analysis 7 Recoil Reduction 3 Item Schematics ----------------- Targeting Computer | -9/Materials | Scanalyzed Hacking Suite | -8/Materials | Scanalyzed Robot Schematics ------------------ None Fabricated ------------ Nothing Alien Tech Used ----------------- None Achievements -------------- None Challenges ------------ None Game ------ Seed DisposableMinesnifferSource Manual? 0 Play Time 00:44:23 Cumulative 74.6 hours Start 2025.03.05 @ 17:51:48 End 2025.03.05 @ 18:36:31 Sessions 1 Manual Loads 0 Difficulty Rogue Special Mode None Game No. 211 Rogue 209 Adventurer 2 Explorer 0 Win Type - Total 1 Types 1/0/0/0/0/0/0/0/0 Lore% 67 Gallery% 61 Achievement% 46 Wizard Run 0 Options --------- Layout 2 ASCII 0 Keyboard 0 Movement Arrows Keybinds 0 Fullscreen 2 Font 24/Smallcaps Map View 50x44 Zoom Use 0% Tactical HUD 1 Map Filters NONE Filters NONE Steam 1 RUN: c5e28424-8bfe-4836-9353-138742778fa4